 Dungeon Crawl Stone Soup version 0.31-a0-656-gb4d89c20fa (webtiles) character file.

Game seed: 7058381774399383284

3181 inmateoo the Grappler (level 9, -1/72 HPs)
             Began as a Demonspawn Gladiator on Aug 30, 2023.
             Was a Follower of Cheibriados.
             Slain by an orc warrior
             ... wielding a +0 glaive
              (8 damage)
             ... on level 7 of the Dungeon.
             The game lasted 00:09:23 (6450 turns).

inmateoo the Grappler (Demonspawn Gladiator)        Turns: 6450, Time: 00:09:24

Health: -1/72      AC: 13    Str: 20    XL:     9   Next: 63%
Magic:  9/9        EV: 15    Int: 14    God:    Cheibriados [*.....]
Gold:   163        SH:  0    Dex: 20    Spells: 8/8 levels left

rFire   + +          .
                       - Unarmed
rCold   . . .        (no shield)
rNeg    . . .        a - +2 leather armour {rF+}
rPois   +            b - +1 helmet
rElec   +            C - +0 cloak {rCorr}
rCorr   +            l - +0 pair of gloves
SInv    .            n - +2 pair of boots of Ahept {Str+2}
Will    +....        v - amulet of magic regeneration
Stlth   +            f - ring "Rigawk" {rElec rPois rF+ Will+ Dex+3}
HPRegen 0.32/turn    (no ring)
MPRegen 0.51/turn

%: no passive effects
@: very slow
A: claws 2, foul stench 1, demonic magic 1
a: Renounce Religion, Bend Time


You were on level 7 of the Dungeon.
You worshipped Cheibriados.
Cheibriados was aware of your devotion.
You visited 2 branches of the dungeon, and saw 8 of its levels.
You also visited: Sewer.

You collected 293 gold pieces.
You spent 130 gold pieces at shops.

Inventory:

Missiles
 c - 4 throwing nets
 d - a javelin
 i - 2 datura-tipped darts
 s - 4 poisoned darts
 y - 6 atropa-tipped darts (quivered)
Armour
 a - a +2 leather armour of fire resistance (worn)
 b - a +1 helmet (worn)
 l - a +0 pair of gloves (worn)
 n - the +2 pair of boots of Ahept (worn) {Str+2}
   (You found it on level 3 of the Dungeon)

   Str+2:     It affects your strength (+2).
 C - a +0 cloak of preservation (worn)
Jewellery
 f - the ring "Rigawk" (left hand) {rElec rPois rF+ Will+ Dex+3}
   (You found it on level 4 of the Dungeon)

   [ring of poison resistance]

   Dex+3:     It affects your dexterity (+3).
   rF+:       It protects you from fire.
   rElec:     It insulates you from electricity.
   rPois:     It protects you from poison Will+: It increases your willpower.
 v - an amulet of magic regeneration (around neck)
 A - the ring of Duklupost {Ice rPois}
   (You bought it in a shop on level 6 of the Dungeon)

   [ring of ice]

   Ice:       It enhances your ice magic.
   rF-:       It makes you vulnerable to fire.
   rC+:       It protects you from cold.
   rPois:     It protects you from poison
Wands
 h - a wand of roots (3)
 o - a wand of mindburst (2)
Scrolls
 k - 3 scrolls of teleportation
 p - a scroll of immolation
 q - a scroll of fog
 z - a scroll of revelation {unknown}
 B - a scroll of enchant armour
Potions
 e - 5 potions of curing
 g - 3 potions of might
 j - a potion of ambrosia
 m - a potion of mutation
 r - 2 potions of attraction
 t - a potion of brilliance
 u - 4 potions of magic
 w - a potion of cancellation
 x - 2 potions of lignification {unknown}


   Skills:
 - Level 7.0 Fighting
 - Level 1.7 Throwing
 - Level 5.0 Armour
 - Level 5.0 Dodging
 + Level 9.0 Unarmed Combat


You had 8 spell levels left.
You didn't know any spells.
Your spell library contained the following spells:

 Spells                   Type           Power      Damage    Failure   Level
 Magic Dart               Conj           0%         1d3       32%         1
 Slow                     Hex            0%         N/A       32%         1
 Sting                    Tmut/Pois      0%         1d3       32%         1
 Poisonous Vapours        Pois/Air       0%         N/A       45%         2
 Searing Ray              Conj           0%         2d4       45%         2
 Confusing Touch          Hex            0%         N/A       69%         3
 Vampiric Draining        Necr           0%         2d6       69%         3
 Fulminant Prism          Conj/Hex       0%         3d5       97%         4
 Olgreb's Toxic Radiance  Pois           0%         N/A       97%         4


Dungeon Overview and Level Annotations

Branches:
Dungeon (7/15)             Temple (1/1) D:5           Sewer (visited)

Altars:
Ashenzari
Cheibriados
Dithmenos
Fedhas
Gozag
Hepliaklqana
Kikubaaqudgha
Makhleb
Nemelex Xobeh
Ru
Sif Muna
Trog
Uskayaw
Vehumet
Wu Jian
Xom
Yredelemnul

Shops:
D:6 :!:**

Annotations:
D:6 1 runed translucent door, WhatIsLove's ghost, novice HOMo


Innate Abilities, Weirdness & Mutations

You have very sharp fingernails.
You may rarely emit foul miasma when damaged in melee.
Spells you cast may paralyse adjacent enemies.


Message History

The centaur kicks you but does no damage.
The centaur hits you but does no damage.
The centaur kicks you but does no damage.
You punch the centaur!
The centaur is almost dead.
The orc priest hits you from afar with a +0 trident.
The orc priest invokes the aid of Beogh against you.
Beogh smites you!
* * * LOW HITPOINT WARNING * * *
The centaur misses you. x2
You feel better. The centaur barely misses you.
The centaur kicks you but does no damage.
The orc priest closely misses you.
You punch the centaur!
You kill the centaur!
Cheibriados thoroughly appreciates the change of pace.
An orc comes into view. It is wielding a +0 dagger.
The orc priest hits you but does no damage.
The orc closely misses you.
Your Unarmed Combat skill increases to level 9!
You hit the orc.
The orc is heavily wounded.
The orc priest hits you but does no damage.
An orc warrior comes into view. It is wielding a +0 glaive.
You punch the orc priest!
You kill the orc priest!
Cheibriados appreciates the change of pace.
The orc completely misses you. The orc priest misses you.
Found 5 gold pieces.
The orc priest mumbles some strange prayers to Beogh against you.
Beogh smites you!
* * * LOW HITPOINT WARNING * * *
The orc closely misses you.
Things that are here:
a +2 flail of draining; an orc corpse You hit the orc priest but do no damage.
The orc hits you with a +0 dagger.
* * * LOW HITPOINT WARNING * * *
The orc warrior hits you from afar with a +0 glaive!
You die...

#.........###.#####
...........##.....#
...........###....##
.....#.......#.....#####
.....#......##..........
#....#.....##.........#
##...#....##..........##
.##..#...##...)....)....
..##.#..##.....o@o......
...######.....##.o......
...#...+...... #o.......
####._. ###### #........
...#...# #.##.....
..###### ..# ...[.
.##..#.## ### ...$
##...#..## ....
#....#...##


You could see an orc warrior, an orc priest and 2 orcs.

Vanquished Creatures
  Jeremiah (D:6)
  Prince Ribbit (D:5)
  Sigmund (D:2)
  2 steam dragons (D:6)
  Edmund (D:5)
  A water moccasin (Sewer)
  2 orc warriors (D:7)
  2 black bears (D:6)
  3 ogres
  The ghost of DocSulfur the Charlatan, an amateur BaAr (D:3)
  A centaur (D:7)
  A phantom (D:6)
  2 bullfrogs
  2 scorpions (D:4)
  4 wights (D:6)
  A jelly (D:7)
  Crazy Yiuf (D:5)
  2 orc priests (D:7)
  4 hounds (D:4)
  3 iguanas
  4 orc wizards
  A river rat (D:4)
  5 adders
  2 white imps
  An ufetubus (D:4)
  5 worms (D:4)
  2 dart slugs
  13 orcs
  4 endoplasms
  6 giant cockroaches
  7 goblins
  6 hobgoblins
  13 jackals
  6 quokkas
  A ball python (D:2)
  3 bats
  A frilled lizard (D:1)
  5 kobolds
  6 rats
127 creatures vanquished.

Vanquished Creatures (collateral kills)
  A black bear (D:5)
  An iguana (D:5)
2 creatures vanquished.

Vanquished Creatures (others)
  A hound (D:5)
1 creature vanquished.

Grand Total: 130 creatures vanquished

Notes
Turn   | Place    | Note
-------+----------+-------------------------------------------
     0 | D:1      | inmateoo the Demonspawn Gladiator began the quest for the
                  | Orb.
     0 | D:1      | Reached XP level 1. HP: 16/16 MP: 1/1
    97 | D:1      | Gained mutation: You may rarely emit foul miasma when
                  | damaged in melee. [demonic ancestry]
    97 | D:1      | Reached XP level 2. HP: 22/22 MP: 2/2
   136 | D:1      | Reached skill level 3 in Unarmed Combat
   305 | D:1      | Reached XP level 3. HP: 28/28 MP: 3/3
   880 | D:2      | Noticed Sigmund
   887 | D:2      | Killed Sigmund
   888 | D:2      | Reached skill level 4 in Unarmed Combat
   888 | D:2      | Reached XP level 4. HP: 25/37 MP: 4/4
   888 | D:2      | Reached XP level 5. HP: 29/42 MP: 5/5
  1078 | D:2      | Found a faded altar of an unknown god.
  1491 | D:3      | Found a runed translucent door.
  1525 | D:3      | Identified the +2 pair of boots of Ahept {Str+2}
  2209 | D:3      | Noticed DocSulfur's ghost (amateur BaAr)
  2225 | D:3      | Killed DocSulfur's ghost
  2226 | D:3      | Gained mutation: You have sharp fingernails. [demonic
                  | ancestry]
  2226 | D:3      | Reached XP level 6. HP: 39/48 MP: 6/6
  2339 | D:4      | Reached skill level 1 in Armour
  2488 | D:4      | Found a glowing drain.
  2538 | Sewer    | Entered a sewer
  2706 | Sewer    | Noticed a water moccasin
  2709 | Sewer    | Killed a water moccasin
  2964 | D:4      | Found a basalt altar of Yredelemnul.
  3040 | D:4      | Reached XP level 7. HP: 51/55 MP: 7/7
  3136 | D:4      | Found a shimmering altar of Xom.
  3490 | D:4      | Identified the ring "Rigawk" {rElec rPois rF+ Will+ Dex+3}
  3535 | D:4      | Reached skill level 5 in Fighting
  3535 | D:4      | Reached skill level 5 in Unarmed Combat
  3774 | D:5      | Entered Level 5 of the Dungeon
  3792 | D:5      | Reached skill level 5 in Dodging
  4012 | D:5      | Noticed Prince Ribbit
  4019 | D:5      | Noticed Edmund
  4020 | D:5      | Killed Prince Ribbit
  4021 | D:5      | Gained mutation: Spells you cast may paralyse adjacent
                  | enemies. [demonic ancestry]
  4021 | D:5      | Reached XP level 8. HP: 64/64 MP: 8/8
  4084 | D:5      | Killed Edmund
  4285 | D:5      | Found an ornate altar of the Wu Jian Council.
  4293 | D:5      | Found an ancient bone altar of Kikubaaqudgha.
  4333 | D:5      | Found a staircase to the Ecumenical Temple.
  4587 | D:5      | Found a runed translucent door.
  4588 | D:5      | Noticed Crazy Yiuf
  4717 | D:5      | Killed Crazy Yiuf
  4718 | D:5      | Reached skill level 6 in Unarmed Combat
  4799 | Temple   | Entered the Ecumenical Temple
  4808 | Temple   | Became a worshipper of Cheibriados the Contemplative
  4831 | D:6      | Found Onuyf's Book Shop.
  4837 | D:6      | Found Hechoef's Assorted Antiques.
  4839 | D:6      | Found Qucukim's Book Shop.
  4842 | D:6      | Found Voan Voziva's Distillery.
  4843 | D:6      | Noticed Jeremiah
  5036 | D:6      | Killed Jeremiah
  5173 | D:6      | Gained mutation: You have very sharp fingernails. [demonic
                  | ancestry]
  5173 | D:6      | Reached XP level 9. HP: 64/71 MP: 9/9
  5332 | D:6      | Reached skill level 5 in Armour
  5459 | D:6      | Reached skill level 7 in Unarmed Combat
  5698 | D:6      | Found a hazy altar of Hepliaklqana.
  5833 | D:6      | Found Kib Mosk's Assorted Antiques.
  5842 | D:6      | Bought a twitching lead ring for 130 gold pieces
  5842 | D:6      | Identified the ring of Duklupost {Ice rPois} (You bought it
                  | in a shop on level 6 of the Dungeon)
  5959 | D:6      | Reached skill level 8 in Unarmed Combat
  6056 | D:6      | Found a runed translucent door.
  6060 | D:6      | Noticed WhatIsLove's ghost (novice HOMo)
  6237 | D:7      | Reached * piety under Cheibriados
  6349 | D:7      | Found a broken altar of Ashenzari.
  6447 | D:7      | Reached skill level 9 in Unarmed Combat
  6450 | D:7      | Slain by an orc warrior

Illustrated notes

Levels and vault maps discovered:
D:1:      heliophobic_arrival_battle_scene, layout_basic
D:2:      layout_loops_ring, basic_ecumenical_altar, uniq_sigmund
D:3:      layout_basic, ebering_ghost_reflecting_pool
D:4:      layout_basic, mainiacjoe_overflow_brackets,
          mainiacjoe_overflow_small_starburst, lightli_sewer_entry_pipes,
          minmay_bent
D:5:      layout_rooms, kiku_gazebo_pond_becter, lemuel_crystal_altar,
          temple_doors_e, grunt_ministairs_6, st_stairs_14, uniq_prince_ribbit1,
          uniq_edmund, uniq_crazy_yiuf_cottage
D:6:      kennysheep_steamy, layout_loops_ring,
          mainiacjoe_overflow_six_doors_small, serial_shops,
          nicolae_lakefront_shop, ebering_ghost_sewer_d,
          minmay_shop_grid_forest, uniq_jeremiah
D:7:      layout_basic, nicolae_ashenzari_panopticon, enter_bailey_5,
          reono_crystal_passage, uniq_duvessa
Temple:   cyrus_circular_temple

Skill      XL: |  1  2  3  4  5  6  7  8  9 |
---------------+----------------------------+-----
Unarmed Combat | 3 4 5 6 9 |  9.0
Dodging        | 3 4 5 |  5.0
Fighting       | 3 4 5 6 7 |  7.0
Armour         | 1 3 4 5 |  5.0
Throwing       | |  1.7

Action                     |  1- 3 |  4- 6 |  7- 9 || total
---------------------------+-------+-------+-------++-------
  Melee: Unarmed           |   139 |   152 |   322 ||   613
         Punch             |     6 |     5 |    15 ||    26
  Throw: Dart              |       |       |     9 ||     9
         Javelin           |       |       |     2 ||     2
  Evoke: Wand              |       |     6 |     5 ||    11
    Use: Scroll            |       |     8 |    11 ||    19
         Potion            |       |       |     6 ||     6
   Stab: Sleeping          |     1 |     2 |     2 ||     5
         Invisible         |       |       |     1 ||     1
 Armour: Leather armour    |    36 |    53 |   101 ||   190
         Scale mail        |    19 |     3 |       ||    22
  Dodge: Dodged            |    81 |    94 |   184 ||   359

Table legend: (Time is in decaauts)
 A = Elapsed time spent in this place.
 B = Non-inter-level travel time spent in this place.
 C = Inter-level travel time spent in this place.
 D = Time resting spent in this place.
 E = Time spent auto-exploring this place.
 F = Levels seen in this place.
 G = Mean time per level.
                   A        B        C        D        E       F      G
               +--------+--------+--------+--------+--------+-----+--------+
         Total |   6743 |   6466 |    277 |   1120 |   3795 |   9 |  749.2 |
       Dungeon |   6488 |   6211 |    277 |   1020 |   3748 |   7 |  926.9 |
        Temple |     20 |     20 |      0 |      0 |      0 |   1 |   20.0 |
         Sewer |    234 |    234 |      0 |    100 |     47 |   1 |  234.0 |
               +--------+--------+--------+--------+--------+-----+--------+

Top non-repeatable levels by time:
     D:6: 1390 daAuts
     D:4: 1272 daAuts
     D:5: 1177 daAuts
     D:3: 952 daAuts
     D:2: 767 daAuts
     D:1: 564 daAuts
     D:7: 363 daAuts
   Sewer: 234 daAuts
  Temple: 20 daAuts
